 Dungeon Crawl Stone Soup version 0.27.0-1-g7a089689b8 (webtiles) character file.

Game seed: 17162403693073589640

2059 freelancePsychic the Covert (level 9, 0/57 HPs)
             Began as a Kobold Delver on Aug 16, 2021.
             Was an Initiate of Dithmenos.
             Succumbed to a hornet's poison
             ... while paralysed by a hornet
             ... on level 7 of the Dungeon.
             The game lasted 00:15:12 (9299 turns).

freelancePsychic the Covert (Kobold Delver)         Turns: 9299, Time: 00:15:12

Health: 0/57       AC:  6    Str:  9    XL:     9   Next: 49%
Magic:  9/9        EV:  3    Int: 14    God:    Dithmenos [......]
Gold:   239        SH:  0    Dex: 17    Spells: 8/8 levels left

rFire    . . .     SeeInvis .   a - +0 short sword
rCold    + + .     Faith    +   (shield restricted)
rNeg     . . .     Spirit   .   b - +0 leather armour
rPois    +         Reflect  .   e - +0 helmet
rElec    +         Harm     .   h - +0 cloak
rCorr    +         Rampage  .   (no gloves)
Will     .....                  p - +0 pair of boots
Stlth    ++++++....             k - amulet of faith
HPRegen  0.19/turn              d - ring of flight
MPRegen  0.11/turn              m - ring of ice

@: paralysed, lethally poisoned (0 -> -8), resistant, flying, hasted
A: small, no large weapons, nightstalker 3
a: Renounce Religion


You were on level 7 of the Dungeon.
You worshipped Dithmenos.
Dithmenos was noncommittal.
You visited 2 branches of the dungeon, and saw 8 of its levels.

You collected 239 gold pieces.

Inventory:

Hand Weapons
 a - a +0 short sword (weapon)
Armour
 b - a +0 leather armour (worn)
 e - a +0 helmet (worn)
 h - a +0 cloak (worn)
 p - a +0 pair of boots (worn)
 C - a +0 buckler
Jewellery
 d - a ring of flight (left hand)
 k - an amulet of faith (around neck)
 m - a ring of ice (right hand)
 r - a ring of fire
 s - a ring of willpower
 v - a ring of see invisible
 z - an amulet of magic regeneration
Wands
 g - a wand of digging (3)
Scrolls
 c - 2 scrolls of fog
 f - 3 scrolls of magic mapping
 j - a scroll of immolation
 B - 2 scrolls of teleportation {@r4}
Potions
 i - a potion of heal wounds {@q2}
 l - 2 potions of ambrosia
 o - a potion of brilliance
 u - a potion of haste {@q3}
 w - a potion of degeneration {unknown}
 x - a potion of might {unknown}
 A - a potion of cancellation {unknown}
 E - a potion of flight {unknown}
 F - a potion of lignification {unknown}


   Skills:
 + Level 7.5 Fighting
 + Level 9.8 Short Blades
 - Level 2.4 Dodging
 + Level 11.8 Stealth


You had 8 spell levels left.
You didn't know any spells.
Your spell library contained the following spells:

 Spells                   Type           Power      Damage    Failure   Level
 Animate Skeleton         Necr           0%         N/A       38%         1
 Pain                     Necr           0%         1d4       38%         1
 Slow                     Hex            0%         N/A       52%         2
 Sublimation of Blood     Necr           0%         N/A       52%         2
 Wereblood                Tmut           0%         N/A       52%         2
 Confusing Touch          Hex            0%         N/A       77%         3
 Dazzling Flash           Conj/Hex       0%         N/A       77%         3
 Gell's Gravitas          Tloc           0%         N/A       77%         3
 Ozocubu's Armour         Ice            0%         N/A       77%         3
 Teleport Other           Tloc           0%         N/A       77%         3
 Vampiric Draining        Necr           0%         2d6       77%         3
 Agony                    Necr           0%         N/A       100%        5
 Metabolic Englaciation   Hex/Ice        0%         N/A       100%        5
 Silence                  Hex/Air        0%         N/A       100%        5
 Dispersal                Tloc           0%         N/A       100%        6
 Simulacrum               Ice/Necr       0%         N/A       100%        6
 Ozocubu's Refrigeration  Ice            0%         4d5       100%        7
 Summon Hydra             Summ           0%         N/A       100%        7


Dungeon Overview and Level Annotations

Branches:
Dungeon (7/15)             Temple (1/1) D:6

Altars:
Ashenzari
Cheibriados
Dithmenos
Elyvilon
Fedhas
Gozag
Hepliaklqana
Kikubaaqudgha
Makhleb
Nemelex Xobeh
Okawaru
Qazlal
Ru
Sif Muna
Trog
Uskayaw
Vehumet
Wu Jian
Xom
Yredelemnul
Zin
The Shining One

Shops:
D:6 *   D:7 =

Annotations:
D:6 exclusion: 3 doors


Innate Abilities, Weirdness & Mutations

You are small and have problems with some larger weapons.
You are completely attuned to the shadows.


Message History

Aim: a wyvern (almost dead, 63% to hit)
You throw a poisoned dart. The poisoned dart hits the wyvern.
The wyvern is poisoned.
The wyvern is almost dead.
The wyvern barely misses you. The wyvern bites you.
Found Rexzusk's Jewellery Shoppe.
You kill the wyvern!
Dithmenos accepts your kill.
There is an entrance to Rexzusk's Jewellery Shoppe here.
You start to feel less resistant.
Your resistance to elements expires.
A hornet is nearby!
The hornet buzzes angrily.
No quiver actions available for cycling.
No quiver actions available for cycling.
No quiver actions available for cycling.
Okay, then.
You feel yourself speed up. The hornet stings you!
You suddenly lose the ability to move!
The hornet barely misses you. The hornet stings you.
You are poisoned.
You feel yourself slow down.
You can move again.
Unknown command.
Unknown command.
You feel protected.
You feel very sick. The hornet stings you.
The hornet stings you but does no damage.
You miss the hornet.
The hornet is heavily wounded.
You feel yourself speed up.
You feel sick.
You hit the hornet but do no damage.
The hornet is heavily wounded.
You feel sick. The hornet stings you!
* * * LOW HITPOINT WARNING * * *
You suddenly lose the ability to move!
You die...

.. #.# ### ####.#
.....# ####.# #.#
#.# #.#
#.################
#........(†..@y∩.#
###..#####.######..#
#........#.# ##.#
#.....##.#.# .#
#....##....# .#
..#..###.#.#
###........#
#####.#######.
#.(.(..(..


You could see a hornet.

Vanquished Creatures
  Sigmund (D:3)
  2 wyverns
  An orc warrior (D:6)
  2 ice beasts
  2 ogres (D:6)
  3 necrophages
  A phantom (D:5)
  2 bullfrogs
  2 centaur zombies (D:5)
  A jelly (D:7)
  2 centaur skeletons
  A bullfrog skeleton (D:5)
  A gnoll shaman (D:6)
  An iguana (D:5)
  Jessica (D:3)
  2 orc wizards (D:4)
  A howler monkey zombie (D:6)
  17 gnolls
  12 adders
  A howler monkey skeleton (D:5)
  A white imp (D:6)
  2 adder zombies
  2 worms
  4 dart slugs
  16 orcs
  9 endoplasms
  5 goblins
  6 hobgoblins
  2 jackals (D:1)
  7 kobolds
  2 quokkas (D:3)
  6 ball pythons
  4 bats
  5 frilled lizards
  7 rats
  A spectral hobgoblin (D:1)
135 creatures vanquished.

Notes
Turn   | Place    | Note
-------+----------+-------------------------------------------
     0 | D:5      | freelancePsychic the Kobold Delver began the quest for the
                  | Orb.
     0 | D:5      | Reached XP level 1. HP: 14/14 MP: 1/1
    51 | D:5      | Noticed an iguana
   304 | D:4      | Noticed an orc wizard
   306 | D:4      | Killed an orc wizard
   307 | D:4      | Reached skill level 7 in Stealth
   307 | D:4      | Reached XP level 2. HP: 19/19 MP: 2/2
   307 | D:4      | Reached XP level 3. HP: 23/23 MP: 3/3
   325 | D:5      | Noticed an ice beast
   347 | D:4      | Reached XP level 4. HP: 28/28 MP: 4/4
   861 | D:4      | Reached skill level 8 in Stealth
   861 | D:4      | Reached XP level 5. HP: 32/32 MP: 5/5
   900 | D:4      | Reached skill level 5 in Short Blades
  1227 | D:3      | Noticed Jessica
  1231 | D:3      | Killed Jessica
  1712 | D:1      | Reached XP level 6. HP: 33/37 MP: 6/6
  2129 | D:1      | Found a faded altar of an unknown god.
  3456 | D:3      | Noticed Sigmund
  3460 | D:3      | Killed Sigmund
  3461 | D:3      | Reached skill level 9 in Stealth
  3461 | D:3      | Reached XP level 7. HP: 44/44 MP: 7/7
  4267 | D:4      | Identified the -5 pair of gloves "Miurghitz" {*Slow Dex+5}
  4475 | D:4      | Reached skill level 5 in Fighting
  5351 | D:4      | Reached XP level 8. HP: 49/49 MP: 8/8
  5490 | D:4      | Noticed a wyvern
  5492 | D:4      | Killed a wyvern
  5493 | D:4      | Reached skill level 10 in Stealth
  6402 | D:5      | Reached skill level 11 in Stealth
  6598 | D:6      | Noticed a hornet
  6625 | D:6      | Reached XP level 9. HP: 56/56 MP: 9/9
  6663 | D:6      | Found Zin's Purification Station.
  6665 | D:6      | Found a glowing silver altar of Zin.
  7149 | D:6      | Found a staircase to the Ecumenical Temple.
  7155 | Temple   | Entered the Ecumenical Temple
  7414 | Temple   | Became a worshipper of Dithmenos the Shadowed
  9177 | D:7      | Noticed a hornet
  9183 | D:7      | Paralysed by a hornet for 2 turns
  9215 | D:7      | Found Rexzusk's Jewellery Shoppe.
  9294 | D:7      | Paralysed by a hornet for 2 turns
  9298 | D:7      | HP: 2/57 [hornet (14)]
  9298 | D:7      | Paralysed by a hornet for 1 turns
  9299 | D:7      | Succumbed to a hornet's poison

Illustrated notes

Levels and vault maps discovered:
D:1:      lightli_iron_boxes, layout_rooms,
          dreamdust_ecumenical_altar_drowned_temple, moated_statue,
          feat_on_display
D:2:      layout_basic
D:3:      layout_rooms, serial_park_tiny_1, uniq_sigmund, uniq_jessica
D:4:      minmay_diamond_boxcup, layout_basic
D:5:      layout_rooms, serial_glass, glass_columns_a, glass_columns_a
D:6:      layout_gridville, zin_purify, minmay_temple_entry_slanted,
          uniq_eustachio
D:7:      layout_loops_corners, serial_shops, shop
Temple:   nicolae_temple_the_god_donut

Skill      XL: |  1  2  3  4  5  6  7  8  9 |
---------------+----------------------------+-----
Short Blades   | 3 4 5 6 7 8 9 |  9.8
Stealth        | 7 8 9 11 | 11.8
Fighting       | 4 5 6 7 |  7.5
Dodging        | |  2.4

Action                   |  1- 3 |  4- 6 |  7- 9 || total
-------------------------+-------+-------+-------++-------
Melee: Short sword       |     6 |   196 |   340 ||   542
Throw: Dart              |       |     1 |    31 ||    32
       Throwing net      |       |       |     1 ||     1
Evoke: Wand              |       |       |     9 ||     9
  Use: Potion            |     1 |     1 |    12 ||    14
       Scroll            |     1 |     3 |     2 ||     6
 Stab: Sleeping          |     3 |    30 |    26 ||    59
       Distracted        |       |     4 |     4 ||     8
       Invisible         |       |       |     6 ||     6
Armor: Leather armour    |     2 |    29 |    56 ||    87
Dodge: Dodged            |     2 |    82 |   169 ||   253
